 Dungeon Sprint DCSS version 0.26-a0-652-gafc20e3620 (webtiles) character file.

Game seed: 4013236358999784298

33 sahdkjhfkaj the Transmogrifier (level 6, -1/38 HPs)
             Began as an Octopode Transmuter on Oct 2, 2020.
             Was an Initiate of Gozag.
             Slain by a sky beast (5 damage)
             ... in the Dungeon (Sprint VI: "Thunderdome").
             The game lasted 00:01:55 (332 turns).

sahdkjhfkaj the Transmogrifier (Octopode Transmuter) Turns: 332, Time: 00:01:56

Health: -1/38      AC:  1    Str: 10    XL:     6   Next: 34%
Magic:  9/9        EV: 13    Int: 17    God:    Gozag
Gold:   398        SH:  0    Dex: 12    Spells: 2/9 levels left

rFire    . . .     SeeInvis .     - Unarmed
rCold    . . .     Faith    .   (no shield)
rNeg     . . .     Spirit   .   (helmet currently unavailable)
rPois    .         Reflect  .   (no amulet)
rElec    .         Harm     .   (no ring)
rCorr    .         Rampage  .   (no ring)
MR       .....     NoTele   +   (no ring)
Stlth    ++........             (no ring)
HPRegen  0.12/turn              (no ring)
MPRegen  0.11/turn              (no ring)
                                (no ring)
                                (no ring)

@: appendages
A: almost no armour, stealthy swim, amphibious, 8 rings, constrict 8, tentacle
spike 3, camouflage 1, gelatinous body 1
a: End Transformation, Potion Petition, Call Merchant, Bribe Branch, Renounce
Religion


You were in the Dungeon.
You worshipped Gozag.
Gozag was aware of your devotion.
One of your tentacles had a temporary spike.
You visited 1 branch You collected 853 gold pieces.
You spent 455 gold pieces at shops.

Inventory:

Wands
 a - a wand of acid (5)
 h - a wand of iceblast (5)
Scrolls
 g - 4 scrolls of blinking
 i - 3 scrolls of fog
Potions
 d - 4 potions of haste
 e - 2 potions of magic
 f - a potion of berserk rage
 j - 2 potions of resistance


   Skills:
 - Level 1.0 Fighting
 - Level 2.0 Dodging
 - Level 8.3 Unarmed Combat
 + Level 2.0 Spellcasting
 * Level 10.4 Transmutations
 * Level 0.0 Earth Magic


You had 2 spell levels left.
You knew the following spells:

 Your Spells              Type           Power        Failure   Level
a - Beastly Appendage     Tmut           #####.       1%          1
S - Statue Form           Tmut/Erth      ###......    98%         6

Your spell library contained the following spells:

 Spells                   Type           Power        Failure   Level
 Wereblood                Tmut           #####...     1%          2
 Spider Form              Tmut/Pois      ###.......   7%          3
 Blade Hands              Tmut           #####.....   8%          5
 Ice Form                 Ice/Tmut       ###.....     22%         4
 Leda's Liquefaction      Hex/Erth       #.........   88%         4
 Bolt of Magma            Conj/Fire/Erth #.........   99%         5
 Iron Shot                Conj/Erth      #.........   100%        6
 Shatter                  Erth           #.........   100%        9


Dungeon Overview and Level Annotations

Branches:
Dungeon (1/1)

Altars:
Cheibriados
Fedhas
Gozag
Makhleb
Okawaru
Ru
Sif Muna
Trog
Uskayaw
Wu Jian
Xom
Yredelemnul
Zin
The Shining One
Jiyva

Shops:
D *[???:(!!!!


Innate Abilities, Weirdness & Mutations

You cannot wear most types of armour.
You are very stealthy in the water. (Stealth+)
You are amphibious.
You can wear up to eight rings at the same time.
You can use your tentacles to constrict eight enemies at once.
Your skin changes colour to match your surroundings (Stealth+).
Your rubbery body absorbs attacks. (AC +1, EV +1)
One of your tentacles bears a large vicious spike.


Message History

The insubstantial wisp blinks!
The sky beast barely misses you.
The sky beast flickers out of sight!
Deactivating autopickup; reactivate with Ctrl-A.
A sky beast appears from thin air!
Reactivating autopickup.
Found a glowing silver altar of Zin.
The sky beast flickers out of sight!
Deactivating autopickup; reactivate with Ctrl-A.
Found Raoxzin's Jewellery and Yrievimu's Advanced Armour.
The sky beast flickers out of sight!
Found Cewopuil's Identification Station.
Found a snail-covered altar of Cheibriados.
A sky beast appears from thin air!
Reactivating autopickup.
Something hits you.
* * * LOW HITPOINT WARNING * * *
Something shocks you.
You die...
Your body crumbles into a pile of gold.

#_......._# #_......._#
###.........###
#⌠...........⌠#
######.8.........8.####
##.___..§.v.###......___
##∩.....Y..8.# #.8.......
.............###.........
........@.###...###......
..........# #.<.# #......
..........# #...# #......
.............###.........
##∩........8. .8.......
##∩.._...... #......_._
######.8.........8.####
#⌠...........⌠# ###. .###


You could see a sky beast and an insubstantial wisp.

Vanquished Creatures
  An insubstantial wisp (D)
  A crimson imp (D)
  2 jellies (D)
  A quasit (D)
  An iron imp (D)
  An ufetubus (D)
  4 oozes (D)
11 creatures vanquished.

Notes
Turn   | Place    | Note
-------+----------+-------------------------------------------
     0 | D        | sahdkjhfkaj the Octopode Transmuter began the quest for the
                  | Orb.
     0 | D        | Reached XP level 1. HP: 13/13 MP: 3/3
     1 | D        | Found a basalt altar of Yredelemnul.
     1 | D        | Found a shimmering blue altar of Sif Muna.
     2 | D        | Found a burning altar of Makhleb.
     2 | D        | Found an opulent altar of Gozag.
     3 | D        | Found an ornate altar of the Wu Jian Council.
     3 | D        | Found a shimmering altar of Xom.
     4 | D        | Found a sacrificial altar of Ru.
     4 | D        | Found a viscous altar of Jiyva.
     4 | D        | Found Tudargh's Magic Scroll Shop.
     4 | D        | Found Udoip's Staff Store.
     5 | D        | Found Burixuar's Magic Scroll Shop.
     5 | D        | Found Hyhut's Must-Have Magic.
     5 | D        | Round 1.
     6 | D        | Noticed a crimson imp
    11 | D        | Became a worshipper of Gozag Ym Sagoz the Greedy
    19 | D        | Noticed an iron imp
    21 | D        | Killed a crimson imp
    21 | D        | Reached XP level 2. HP: 9/18 MP: 3/5
    21 | D        | Reached XP level 3. HP: 12/23 MP: 3/6
    25 | D        | Found a glowing golden altar of the Shining One.
    33 | D        | Reached XP level 4. HP: 10/28 MP: 4/7
   155 | D        | Reached skill level 4 in Transmutations
   158 | D        | Arena points: 5 (+5) [x1]
   173 | D        | Round 2.
   178 | D        | Reached skill level 5 in Transmutations
   199 | D        | Found a bloodstained altar of Trog.
   199 | D        | Found a hide-covered altar of Uskayaw.
   201 | D        | Found Cebas's Distillery.
   202 | D        | Found Isosecy's Distillery.
   202 | D        | Found Goug's Bottled Wisdom.
   202 | D        | Found a blossoming altar of Fedhas.
   202 | D        | Found an iron altar of Okawaru.
   202 | D        | Found Lotuid's Do-It-Yourself Clinic.
   208 | D        | Reached skill level 6 in Transmutations
   208 | D        | Reached XP level 5. HP: 23/33 MP: 6/8
   211 | D        | Reached skill level 7 in Transmutations
   213 | D        | Arena points: 33 (+28) [x2]
   213 | D        | Reached skill level 8 in Transmutations
   241 | D        | Bought a book of the Earth for 455 gold pieces
   243 | D        | Round 3.
   265 | D        | Noticed an insubstantial wisp
   288 | D        | Killed an insubstantial wisp
   288 | D        | Reached skill level 10 in Transmutations
   288 | D        | Reached XP level 6. HP: 25/38 MP: 9/9
   298 | D        | Learned a level 6 spell: Statue Form
   309 | D        | Noticed an insubstantial wisp
   310 | D        | Noticed a sky beast
   316 | D        | Noticed a sky beast
   327 | D        | Found a glowing silver altar of Zin.
   329 | D        | Found Raoxzin's Jewellery.
   329 | D        | Found Yrievimu's Advanced Armour.
   330 | D        | Found a snail-covered altar of Cheibriados.
   330 | D        | Found Cewopuil's Identification Station.
   332 | D        | Slain by a sky beast

Illustrated notes

Levels and vault maps discovered:
D:        arena_sprint

Skill      XL: |  1  2  3  4  5 |
---------------+----------------+-----
Unarmed Combat | 6 8 |  8.3
Transmutations | 6 10 | 10.4
Fighting       | |  1.0
Dodging        | |  2.0
Spellcasting   | |  2.0

Action                   |  1- 3 |  4- 6 || total
-------------------------+-------+-------++-------
Melee: Unarmed           |    15 |    38 ||    53
       Kick              |     3 |     7 ||    10
       Constrict         |     2 |     2 ||     4
       Tentacles         |     1 |     7 ||     8
       Punch             |     1 |       ||     1
 Cast: Beastly Appendage |     1 |     6 ||     7
  Use: Potion            |     1 |     4 ||     5
Armor: Skin              |       |     3 ||     3
Dodge: Dodged            |     4 |    22 ||    26

Table legend: (Time is in decaauts)
 A = Elapsed time spent in this place.
 B = Non-inter-level travel time spent in this place.
 C = Inter-level travel time spent in this place.
 D = Time resting spent in this place.
 E = Time spent auto-exploring this place.
 F = Levels seen in this place.
 G = Mean time per level.
                   A        B        C        D        E       F      G
               +--------+--------+--------+--------+--------+-----+--------+
         Total |    324 |    324 |      0 |    145 |      0 |   1 |  324.0 |
       Dungeon |    324 |    324 |      0 |    145 |      0 |   1 |  324.0 |
               +--------+--------+--------+--------+--------+-----+--------+

Top non-repeatable levels by time:
       D: 324 daAuts
